 Dungeon Crawl Stone Soup version 0.29-a0-359-g541a27f54d (webtiles) character file.

Game seed: 2520228325052133574

57 croobank the Firebug (level 3, 0/27 HPs)
             Began as a Draconian Fire Elementalist on Apr 27, 2022.
             Slain by an endoplasm (1 damage)
             ... on level 4 of the Dungeon.
             The game lasted 00:06:52 (1747 turns).

croobank the Firebug (Draconian Fire Elementalist)  Turns: 1747, Time: 00:06:53

Health: 0/27       AC:  8    Str:  4    XL:     3   Next: 73%
Magic:  5/6        EV: 12    Int: 17    God:
Gold:   97         SH:  0    Dex: 16    Spells: 3/6 levels left

rFire   . . .      SeeInvis .   a - +2 short sword (freeze)
rCold   . . .      Faith    .   (no shield)
rNeg    . . .      Spirit   .   (body armour unavailable)
rPois   +          Reflect  .   (helmet restricted)
rElec   .          Harm     .   (no cloak)
rCorr   .          Rampage  .   f - +0 pair of gloves
Will    +....                   h - +1 pair of boots of the Pit {rPois Will+ Str-4 Dex+5}
Stlth   ++........              (no amulet)
HPRegen 0.09/turn               (no ring)
MPRegen 0.10/turn               (no ring)

@: mighty, hasted and slowed
A: AC +5, unfitting armour, cold-blooded, horns 1, weak 1
a: no special abilities


You were on level 4 of the Dungeon.
You visited 1 branch of the dungeon, and saw 3 of its levels.

You collected 97 gold pieces.

Inventory:

Hand Weapons
 a - a +2 short sword of freezing (weapon)
 b - a +1 short sword of flaming
Missiles
 e - 29 stones
 i - 3 poisoned darts
Armour
 f - a +0 pair of gloves (worn)
 h - the +1 pair of boots of the Pit (worn) {rPois Will+ Str-4 Dex+5}
   (You acquired it on level 1 of the Dungeon)

   Str:       It affects your strength (-4).
   Dex:       It affects your dexterity (+5).
   rPois:     It protects you from poison.
   Will:      It increases your willpower.
Potions
 g - a potion of magic


   Skills:
 + Level 0.8 Fighting
 + Level 2.2 Dodging
 + Level 2.2 Stealth
 + Level 2.3 Spellcasting
 + Level 1.8 Conjurations
 + Level 3.3 Fire Magic


You had 3 spell levels left.
You knew the following spells:

 Your Spells              Type           Power      Damage    Failure   Level
a - Foxfire               Conj/Fire      40%        2x1d6     6%          1
b - Scorch                Fire           26%        2d6       7%          2

Your spell library contained the following spells:

 Spells                   Type           Power      Damage    Failure   Level
 Conjure Flame            Conj/Fire      10%        6-21      19%         3
 Inner Flame              Hex/Fire       7%         N/A       28%         3
 Flame Wave               Conj/Fire      10%        2d5       54%         4


Dungeon Overview and Level Annotations

Branches:
Dungeon (2/15)

Altars:


Innate Abilities, Weirdness & Mutations

Your plain brown scales are hard. (AC +5)
You cannot fit into any form of body armour.
You are cold-blooded and may be slowed by cold attacks.
You have a pair of small horns on your head.
You are weak. (Str -2)


Message History

A goblin comes into view. It is wielding a +0 club.
Found 10 stones and a hand axe.
Found 10 gold pieces.
The goblin shouts!
An endoplasm and a quokka come into view.
The endoplasm quivers.
An orc comes into view. It is wielding a +0 war axe.
Found 7 gold pieces.
An endoplasm comes into view.
The orc shouts!
The endoplasm quivers.
An endoplasm comes into view.
A quokka comes into view.
A ball python comes into view.
The ball python hisses angrily.
The endoplasm freezes you.
You are frozen.
* * * LOW HITPOINT WARNING * * *
You feel yourself slow down.
Found a ring mail.
Your extra speed is starting to run out.
The endoplasm freezes you.
You are frozen.
* * * LOW HITPOINT WARNING * * *
You feel as though you will be slow longer.
The quokka barely misses you.
Casting: Scorch (safe; 7% risk of failure)
Confirm with . or Enter, or press ? or * to list all spells.
Okay, then.
Okay, then.
Okay, then.
You aren't carrying any scrolls.
The quokka attacks as you move away! The quokka bites you.
* * * LOW HITPOINT WARNING * * *
A hobgoblin comes into view.
It was a potion of might.
You feel very mighty all of a sudden.
The hobgoblin shouts!
The quokka bites you but does no damage.
The endoplasm hits you.
You die...

###....## ##............
#.......####.......J#....
........g#..........S#...
(........sg.......r.....
......##.#.g.....o....##.
.....).####........#.....
...$... ##...S...#.....
....... ##.....r....#
.J.... .......@J...# ...#
............##
####............
#.........##.
#..........#
...........##
.......[.#### ...g.....#


You could see a scorpion, an adder, an orc, 2 endoplasms, 2 quokkas, 2
hobgoblins, a goblin and a ball python.

Vanquished Creatures
  2 adders (D:2)
  2 dart slugs
  2 orcs (D:4)
  3 ball pythons (D:1)
  3 endoplasms (D:1)
  2 giant cockroaches (D:1)
  3 goblins (D:1)
  4 hobgoblins
  A quokka (D:1)
  3 bats (D:1)
  3 frilled lizards
  4 kobolds (D:1)
  2 rats
34 creatures vanquished.

Vanquished Creatures (others)
  59 foxfires
59 creatures vanquished.

Grand Total: 93 creatures vanquished

Notes
Turn   | Place    | Note
-------+----------+-------------------------------------------
     0 | D:1      | croobank the Draconian Fire Elementalist began the quest
                  | for the Orb.
     0 | D:1      | Reached XP level 1. HP: 14/14 MP: 3/3
   458 | D:1      | Reached XP level 2. HP: 20/20 MP: 3/5
   473 | D:1      | Learned a level 2 spell: Scorch
   538 | D:1      | Found a faded altar of an unknown god.
   984 | D:1      | Identified a scroll of acquirement
   984 | D:1      | Acquired the +1 pair of boots of the Pit {rPois Will+ Str-4
                  | Dex+5}
  1272 | D:1      | Reached XP level 3. HP: 26/26 MP: 4/6
  1604 | D:2      | Gained mutation: You are weak. (Str -2) [potion of
                  | mutation]
  1604 | D:2      | Gained mutation: You have a pair of small horns on your
                  | head. [potion of mutation]
  1662 | D:2      | You fall into a shaft and drop 2 floors!
  1694 | D:4      | Noticed a scorpion
  1746 | D:4      | HP: 1/27 [quokka (4)]
  1747 | D:4      | Slain by an endoplasm

Illustrated notes

Levels and vault maps discovered:
D:1:      lightli_arrival_isolated_outpost, layout_basic,
          chequers_ecumenical_altar_simple, minmay_misc_feat_room,
          chequers_serial_rivers_micro_b
D:2:      layout_basic
D:4:      layout_cave_pools, fedhas_altar_2, serial_shops,
          nicolae_stop_n_shop_2, gammafunk_ghost_smash, grunt_ministairs_14,
          grunt_decor_resistance, nicolae_wormholes

Skill      XL: |  1  2 |
---------------+-------+-----
Stealth        | 2 |  2.2
Dodging        | 2 |  2.2
Fighting       | |  0.8
Spellcasting   | |  2.3
Conjurations   | |  1.8
Fire Magic     | |  3.3

Action                   || total
-------------------------++-------
Melee: Unarmed           ||     7
       Short sword       ||    18
       Tailslap          ||     2
 Cast: Foxfire           ||    37
       Scorch            ||    10
  Use: Scroll            ||     5
       Potion            ||     4
Armor: Skin              ||    14
Dodge: Dodged            ||    21

Table legend: (Time is in decaauts)
 A = Elapsed time spent in this place.
 B = Non-inter-level travel time spent in this place.
 C = Inter-level travel time spent in this place.
 D = Time resting spent in this place.
 E = Time spent auto-exploring this place.
 F = Levels seen in this place.
 G = Mean time per level.
                   A        B        C        D        E       F      G
               +--------+--------+--------+--------+--------+-----+--------+
         Total |   1746 |   1703 |     43 |     71 |   1319 |   3 |  582.0 |
       Dungeon |   1746 |   1703 |     43 |     71 |   1319 |   3 |  582.0 |
               +--------+--------+--------+--------+--------+-----+--------+

Top non-repeatable levels by time:
     D:1: 1351 daAuts
     D:2: 322 daAuts
     D:4: 73 daAuts
